 Dungeon Crawl Stone Soup version 0.31-a0-128-g25add195a6 (webtiles) character file.

Game seed: 14019704395545762640

12849 Drazool the Marksspriggan (level 11, -4/49 HPs)
             Began as a Spriggan Hunter on May 31, 2023.
             Was an Elder of Fedhas.
             Killed from afar by an acid dragon (34 damage)
             ... with a splash of acid
             ... on level 11 of the Dungeon on June 1, 2023.
             The game lasted 00:32:49 (9429 turns).

Drazool the Marksspriggan (Spriggan Hunter)         Turns: 9429, Time: 00:32:49

Health: -4/49      AC:  2    Str:  7    XL:     11   Next: 67%
Magic:  18/18      EV: 27    Int: 11    God:    Fedhas [****..]
Gold:   293        SH:  0    Dex: 23    Spells: 10/10 levels left

rFire   . . .        a - +2 hand crossbow (freeze)
rCold   . . .        (no shield)
rNeg    . . .        c - +0 robe
rPois   .            (helmet restricted)
rElec   .            (no cloak)
rCorr   .            (gloves unavailable)
SInv    +            (boots unavailable)
Will    +....        l - amulet of regeneration
Stlth   ++           (no ring)
HPRegen 1.08/turn    (no ring)
MPRegen 0.16/turn

%: no passive effects
@: very quick
A: very small, no large weapons, unfitting armour, see invisible, speed 3
a: Renounce Religion, Wall of Briars, Grow Ballistomycete, Overgrow


You were on level 11 of the Dungeon.
You worshipped Fedhas.
Fedhas was greatly pleased with you.
You visited 2 branches of the dungeon, and saw 12 of its levels.

You collected 494 gold pieces.
You spent 201 gold pieces at shops.


Innate Abilities, Weirdness & Mutations

You are very small and have problems with some larger weapons.
You are too small for most types of armour.
You have supernaturally acute eyesight. (SInv)
You cover ground extremely quickly. (Speed+++)


   Skills:
 - Level 1.5 Fighting
 * Level 15.2 Ranged Weapons
 - Level 10.6 Dodging
 - Level 1.5 Stealth
 + Level 8.7 Invocations


You had 10 spell levels left.
You didn't know any spells.
Your spell library contained the following spells:

 Spells                   Type           Power      Damage    Failure   Level
 Apportation              Tloc           0%         N/A       34%         1
 Poisonous Vapours        Pois/Air       0%         N/A       47%         2
 Gell's Gravitas          Tloc           0%         N/A       71%         3
 Hailstorm                Conj/Ice       0%         3d3       71%         3
 Mephitic Cloud           Conj/Pois/Air  0%         N/A       71%         3
 Teleport Other           Tloc           0%         N/A       71%         3
 Ice Form                 Ice/Tmut       0%         N/A       98%         4
 Alistair's Intoxication  Tmut/Pois      0%         N/A       100%        5
 Freezing Cloud           Conj/Ice/Air   0%         6-21      100%        5
 Dispersal                Tloc           0%         N/A       100%        6
 Simulacrum               Ice/Necr       0%         N/A       100%        6

Inventory:

Hand Weapons
 a - a +2 hand crossbow of freezing (weapon)
 b - the +0 sling of the Spheres {elec, rElec rF+ Stlth+}
   (You acquired it on level 4 of the Dungeon)

   rF:        It protects you from fire.
   rElec:     It insulates you from electricity.
   Stlth:     It makes you more stealthy.
Missiles
 s - a throwing net {=f}
 v - 2 curare-tipped darts {=f}
Armour
 c - a +0 robe (worn)
Magical Staves
 F - a staff of cold {!a}
 G - a staff of fire {!a}
Jewellery
 l - an amulet of regeneration (around neck)
 r - an amulet of the acrobat
 C - a ring of ice
 N - a ring of positive energy
Wands
 w - a wand of flame (28)
 y - a wand of iceblast (26)
 z - a wand of light (10)
 E - a wand of polymorph (23)
Scrolls
 d - 6 scrolls of teleportation {@r2}
 f - 2 scrolls of fog
 j - a scroll of butterflies
 p - 2 scrolls of immolation
 q - 2 scrolls of poison {unknown}
 u - a scroll of vulnerability {unknown}
 A - 2 scrolls of enchant armour {unknown}
 D - 2 scrolls of blinking {unknown}
Potions
 e - 3 potions of curing {@q1}
 g - 2 potions of degeneration {unknown}
 h - 2 potions of ambrosia {unknown}
 i - 4 potions of enlightenment {unknown}
 k - a potion of haste {unknown}
 m - 5 potions of might {unknown}
 n - a potion of resistance {unknown}
 o - a potion of lignification {unknown}
 t - a potion of attraction {unknown}
 x - 3 potions of heal wounds {unknown}
 B - a potion of mutation {unknown}

Dungeon Overview and Level Annotations

Branches:
Dungeon (11/15)            Temple (1/1) D:5            Lair (0/5) D:9
    Orc (0/2) D:10

Altars:
Ashenzari
Cheibriados
Dithmenos
Elyvilon
Fedhas
Gozag
Hepliaklqana
Kikubaaqudgha
Makhleb
Nemelex Xobeh
Okawaru
Qazlal
Ru
Sif Muna
Trog
Uskayaw
Vehumet
Wu Jian
Xom
Yredelemnul
The Shining One

Shops:
D:5 (   D:10 [

Annotations:
Temple 2 transporters

#..#
##############░░░###..##
..............░⚑░.......
..............~~~.......
.............~≈~≈~......
.............~≈†≈~......
.............~≈≈≈~......
..............~~~.......
......y@................
.......yD...............
.....h...^..............
...................
..................
................#
................
...............


You could see an acid dragon (catching breath), 2 vampire mosquitoes and a
howler monkey (catching breath).


Message History

You shoot a bolt. The bolt hits the vampire mosquito.
The bolt freezes the vampire mosquito.
You destroy the vampire mosquito!
Fedhas accepts your kill.
The vampire mosquito completely misses you.
The vampire mosquito bites you.
The vampire mosquito draws strength from your injuries!
The vampire mosquito closely misses you.
The vampire mosquito completely misses you.
The vampire mosquito closely misses you.
You shoot a bolt.
The bolt closely misses the vampire mosquito.
The bolt closely misses the acid dragon.
The vampire mosquito bites you.
The vampire mosquito draws strength from your injuries!
The vampire mosquito misses you. x2
The vampire mosquito closely misses you.
The acid dragon completely misses you. The acid dragon misses you.
You shoot a bolt.
The bolt closely misses the vampire mosquito.
The vampire mosquito completely misses you. x2
The vampire mosquito barely misses you.
The howler monkey hoots and howls with incredible vigour!
The vampire mosquito bites you!
The vampire mosquito draws strength from your injuries!
The acid dragon spits acid at you. The splash of acid hits you!!
Ouch! That really hurt!
You die...
Fedhas appreciates your contribution to the ecosystem.

Skill      XL: |  1  2  3  4  5  6  7  8  9 10 11 |
---------------+----------------------------------+-----
Ranged Weapons | 5 6 7 10 11 13 15 | 15.2
Dodging        | 3 5 7 10 | 10.6
Invocations    | 4 7 8 |  8.7
Fighting       | |  1.5
Stealth        | |  1.5

Action                     |  1- 3 |  4- 6 |  7- 9 | 10-12 || total
---------------------------+-------+-------+-------+-------++-------
   Fire: Shortbow          |   111 |   147 |       |       ||   258
         Sling             |       |   113 |    35 |       ||   148
         Hand crossbow     |       |       |   198 |   222 ||   420
 Invoke: Wall of Briars    |       |       |     1 |     3 ||     4
  Evoke: Wand              |       |       |       |     1 ||     1
    Use: Scroll            |     2 |     4 |     1 |     1 ||     8
         Potion            |       |       |     2 |       ||     2
 Armour: Robe              |     7 |     3 |     2 |     3 ||    15
  Dodge: Dodged            |    37 |   107 |    51 |   161 ||   356

Levels and vault maps discovered:
D:1:      heliophobic_arrival_ceremonial_halls, layout_basic,
          minmay_misc_feat_four_crosses
D:2:      layout_basic, kennysheep_generic_room_10
D:3:      layout_loops_corners, mainiacjoe_overflow_alcove_1
D:4:      layout_gridville, lemuel_round_altar, serial_bayou_pond_e,
          lexackson_kobold_supper
D:5:      layout_rooms, makhleb_blood_cavern_becter,
          mainiacjoe_overflow_chevrons, mainiacjoe_overflow_brackets,
          temple_fountains, doesnt_shop_hydraphobe, uniq_grinder
D:6:      gammafunk_wand_slinger, layout_loops_cross, minmay_misc_feat_five,
          uniq_blork_the_orc
D:7:      layout_loops_cross, hellmonk_ghost_happy_afterlife
D:8:      layout_basic, kennysheep_little_box
D:9:      layout_layer_cave, dpeg_lair_monsters
D:10:     layout_loops_corners, nicolae_yredelemnul_corpse_copse, orc_0_dummy,
          serial_shops, shop
D:11:     layout_long_grid, kennysheep_slug_shrine
Temple:   hellmonk_temple_divided_pantheon

Notes
Turn   | Place    | Note
-------+----------+-------------------------------------------
     0 | D:1      | Drazool the Spriggan Hunter began the quest for the Orb.
     0 | D:1      | Reached XP level 1. HP: 10/10 MP: 2/2
   279 | D:1      | Reached XP level 2. HP: 14/14 MP: 3/3
  1035 | D:2      | Reached skill level 5 in Ranged Weapons
  1035 | D:2      | Reached XP level 3. HP: 14/18 MP: 4/4
  1649 | D:3      | Noticed a scorpion
  1682 | D:2      | Killed a scorpion
  1683 | D:2      | Reached skill level 6 in Ranged Weapons
  1683 | D:2      | Reached XP level 4. HP: 22/22 MP: 5/5
  1826 | D:3      | Reached skill level 3 in Dodging
  1826 | D:3      | Reached XP level 5. HP: 25/25 MP: 6/6
  2091 | D:3      | Reached skill level 4 in Dodging
  2214 | D:3      | Reached skill level 5 in Dodging
  2255 | D:3      | Reached XP level 6. HP: 27/30 MP: 7/7
  2338 | D:3      | Found a shadowy altar of Dithmenos.
  2525 | D:3      | Reached skill level 6 in Dodging
  3026 | D:4      | Identified a scroll of acquirement
  3026 | D:4      | Acquired the +0 sling of the Spheres {elec, rElec rF+
                  | Stlth+}
  3203 | D:4      | Found a stormy altar of Qazlal.
  3472 | D:4      | Reached skill level 7 in Dodging
  3648 | D:5      | Entered Level 5 of the Dungeon
  3679 | D:5      | Found a staircase to the Ecumenical Temple.
  3707 | D:5      | Found Ciyveikh's Hydra Hut.
  3710 | Temple   | Entered the Ecumenical Temple
  3710 | Temple   | Found a transporter.
  3710 | Temple   | Found a transporter.
  3712 | Temple   | Found a transporter.
  3712 | Temple   | Found a transporter.
  3729 | Temple   | Became a worshipper of Fedhas Madash
  3809 | D:5      | Reached XP level 7. HP: 33/33 MP: 8/8
  3825 | D:5      | Noticed a six-headed hydra
  3837 | D:5      | Reached skill level 1 in Invocations
  3854 | D:5      | Found a hide-covered altar of Uskayaw.
  3886 | D:5      | Bought a +2 hand crossbow of freezing for 201 gold pieces
  3901 | D:5      | Reached skill level 7 in Ranged Weapons
  3904 | D:5      | Reached skill level 2 in Invocations
  3910 | D:5      | Noticed Grinder
  3970 | D:5      | Killed Grinder
  3971 | D:5      | Reached skill level 4 in Invocations
  4101 | D:5      | Reached XP level 8. HP: 37/37 MP: 12/12
  4289 | D:5      | Found a burning altar of Makhleb.
  4294 | D:5      | Reached skill level 8 in Ranged Weapons
  4333 | D:5      | Found an opulent altar of Gozag.
  4499 | D:6      | Reached * piety under Fedhas
  4547 | D:6      | Reached skill level 9 in Ranged Weapons
  4618 | D:6      | Found a transporter.
  4627 | D:6      | Noticed a kobold demonologist
  4637 | D:6      | Found a transporter.
  4958 | D:6      | Noticed Blork the orc
  4971 | D:6      | Killed Blork the orc
  5006 | D:6      | Reached skill level 10 in Ranged Weapons
  5192 | D:6      | Noticed a smoke demon
  5207 | D:6      | Killed a kobold demonologist
  5208 | D:6      | Reached XP level 9. HP: 41/41 MP: 13/13
  5210 | D:6      | Reached skill level 11 in Ranged Weapons
  5249 | D:7      | Upgraded the game from 0.31-a0-121-g1e386dd289 to
                  | 0.31-a0-128-g25add195a6
  5297 | D:7      | Reached ** piety under Fedhas
  5435 | D:7      | Found a runed translucent door.
  5435 | D:7      | Noticed NateTC's ghost (novice HOFi)
  5449 | D:7      | Reached skill level 8 in Dodging
  5909 | D:7      | Killed NateTC's ghost
  5910 | D:7      | Reached skill level 10 in Dodging
  6152 | D:8      | Found a radiant altar of Vehumet.
  6553 | D:8      | Reached XP level 10. HP: 46/46 MP: 14/14
  6903 | D:8      | Reached skill level 12 in Ranged Weapons
  6906 | D:8      | Reached skill level 5 in Invocations
  6917 | D:9      | Noticed a death yak
  6934 | D:9      | Noticed a death yak
  6936 | D:9      | Killed a death yak
  6937 | D:9      | Noticed a death yak
  7049 | D:9      | Found a staircase to the Lair.
  7127 | D:9      | Killed a death yak
  7128 | D:9      | Reached skill level 13 in Ranged Weapons
  7128 | D:9      | Reached skill level 6 in Invocations
  7163 | D:9      | Killed a death yak
  7169 | D:9      | Reached *** piety under Fedhas
  7456 | D:9      | Reached skill level 7 in Invocations
  7658 | D:9      | Noticed a two-headed ogre
  7678 | D:9      | Killed a two-headed ogre
  7679 | D:9      | Reached XP level 11. HP: 49/49 MP: 17/17
  8216 | D:10     | Entered Level 10 of the Dungeon
  8288 | D:10     | Reached skill level 14 in Ranged Weapons
  8793 | D:10     | Found a staircase to the Orcish Mines.
  8852 | D:10     | Reached **** piety under Fedhas
  8911 | D:10     | Found a basalt altar of Yredelemnul.
  8926 | D:10     | Reached skill level 8 in Invocations
  8978 | D:10     | Found Rogaseux's Antique Armour Boutique.
  9186 | D:11     | Noticed a boulder beetle
  9196 | D:11     | Killed a boulder beetle
  9312 | D:11     | Noticed a two-headed ogre
  9316 | D:11     | Killed a two-headed ogre
  9317 | D:11     | Reached skill level 15 in Ranged Weapons
  9409 | D:11     | Found a snail-covered altar of Cheibriados.
  9429 | D:11     | Killed from afar by an acid dragon

Vanquished Creatures
  The ghost of NateTC the Cleaver, a novice HOFi of Beogh (D:7)
  A boulder beetle (D:11)
  2 two-headed ogres
  3 death yaks (D:9)
  A cyclops (D:11)
  A kobold demonologist (D:6)
  A troll (D:10)
  3 meliai zombies (D:10)
  Grinder (D:5)
  2 wyverns
  8 yaks
  2 wraiths
  A steam dragon (D:9)
  2 vampire mosquitoes (D:11)
  An acid dragon (D:9)
  A water moccasin (D:6)
  An orc warrior (D:6)
  2 black bears
  3 ice beasts
  An ogre (D:6)
  7 centaurs
  5 kobold brigands
  Blork the orc (D:6)
  3 bullfrogs
  A necrophage (D:5)
  5 scorpions
  5 wights
  2 killer bees (D:8)
  A howler monkey (D:10)
  7 centaur zombies (D:10)
  4 hounds
  A gnoll bouda (D:9)
  2 jellies
  5 orc priests
  2 iguanas
  5 orc wizards
  A hound skeleton (D:5)
  A howler monkey zombie (D:10)
  10 gnolls
  11 adders
  7 shadow imps
  2 white imps
  3 ufetubi
  2 worms
  2 dart slugs
  25 orcs
  5 endoplasms
  A giant cockroach (D:4)
  12 hobgoblins
  7 jackals
  A quokka (D:2)
  7 ball pythons
  10 bats
  4 frilled lizards
  4 goblins
  31 kobolds
  6 rats
246 creatures vanquished.

Vanquished Creatures (collateral kills)
  3 killer bees (D:8)
3 creatures vanquished.

Vanquished Creatures (others)
  A hound (D:6)
  A sleepcap (D:6)
  An iguana (D:6)
3 creatures vanquished.

Grand Total: 252 creatures vanquished

Table legend: (Time is in decaauts)
 A = Elapsed time spent in this place.
 B = Non-inter-level travel time spent in this place.
 C = Inter-level travel time spent in this place.
 D = Time resting spent in this place.
 E = Time spent auto-exploring this place.
 F = Levels seen in this place.
 G = Mean time per level.
                   A        B        C        D        E       F      G
               +--------+--------+--------+--------+--------+-----+--------+
         Total |   6372 |   6052 |    320 |     55 |   4090 |  12 |  531.0 |
       Dungeon |   6336 |   6023 |    313 |     55 |   4087 |  11 |  576.0 |
        Temple |     35 |     28 |      7 |      0 |      3 |   1 |   35.0 |
               +--------+--------+--------+--------+--------+-----+--------+

Top non-repeatable levels by time:
     D:3: 882 daAuts
     D:9: 842 daAuts
     D:8: 665 daAuts
    D:10: 652 daAuts
     D:1: 646 daAuts
     D:6: 596 daAuts
     D:4: 475 daAuts
     D:7: 467 daAuts
     D:5: 466 daAuts
     D:2: 462 daAuts
    D:11: 178 daAuts
  Temple: 35 daAuts

Table legend:
 A = Non-vault XP
 B = Vault XP
 C = Vault XP percentage of total XP
 D = Non-vault monster count
 E = Vault monster count
 F = Vault count percentage of total count
                 A         B        C        D         E       F
            +---------+---------+-------+---------+---------+-------
      Total |   10252 |    8104 |  44.1 |     206 |      43 |  17.3
            +---------+---------+-------+---------+---------+-------
        D:1 |      27 |       0 |   0.0 |      17 |       0 |   0.0
        D:2 |     133 |       2 |   1.5 |      27 |       1 |   3.6
        D:3 |     325 |       0 |   0.0 |      27 |       0 |   0.0
        D:4 |     107 |     105 |  49.5 |      17 |       8 |  32.0
        D:5 |     534 |     364 |  40.5 |      16 |       3 |  15.8
        D:6 |     921 |     652 |  41.4 |      21 |      10 |  32.3
        D:7 |     651 |     837 |  56.2 |      21 |       1 |   4.5
        D:8 |    1323 |     213 |  13.9 |      18 |       1 |   5.3
        D:9 |    2203 |    3247 |  59.6 |      15 |       7 |  31.8
       D:10 |    1185 |    2680 |  69.3 |      20 |      11 |  35.5
       D:11 |    2843 |       4 |   0.1 |       7 |       1 |  12.5
            +---------+---------+-------+---------+---------+-------
